 Dungeon Crawl Stone Soup version 0.17-a0-986-gf45d1aa (webtiles) character file.

4410 Fluffy the Fighter (level 10, -2/81 HPs)
             Began as a Demonspawn Gladiator on May 11, 2015.
             Was an Elder of Makhleb.
             Slain by an orc warrior
             ... wielding a +0 hand axe
              (12 damage)
             ... on level 9 of the Dungeon.
             The game lasted 00:29:12 (8089 turns).

Fluffy the Fighter (Demonspawn Gladiator)           Turns: 8089, Time: 00:29:12

Health: -2/81      AC: 15    Str: 18    XL:     10   Next: 14%
Magic:  15/15      EV:  8    Int: 10    God:    Makhleb [****..]
Gold:   613        SH:  0    Dex: 14    Spells: 0 memorised, 9 levels left

rFire  + . .     SeeInvis +     G - +0 great sword
rCold  + . .     Clarity  .     r - +1 chain mail {rF+}
rNeg   . . .     SustAb   .     (no shield)
rPois  .         Gourm    .     c - +0 helmet
rElec  .         Spirit   .     (no cloak)
rCorr  .         Warding  .     (no gloves)
rMut   .         Stasis   .     (no boots)
MR     +....                    m - amulet of regeneration
Stlth  ..........               q - ring of see invisible
                                h - ring of protection from magic

@: hasted, very quick, somewhat resistant to hostile enchantments, extremely
unstealthy
A: claws 2, yellow scales 2, cold resistance 1, powered by death 2
a: Minor Destruction, Lesser Servant of Makhleb, Major Destruction, Renounce
Religion


You were on level 9 of the Dungeon.
You worshipped Makhleb.
Makhleb was greatly pleased with you.
You were not hungry.

You visited 1 branch of the dungeon, and saw 9 of its levels.
You also visited: Sewer.

You collected 613 gold pieces.

Inventory:

Hand weapons
 a - a +1 long sword
 G - a +0 great sword (weapon)
Missiles
 d - 4 throwing nets (quivered)
Armour
 c - a +0 helmet (worn)
 r - a +1 chain mail of fire resistance (worn)
 C - a +1 scale mail of poison resistance
Jewellery
 h - a ring of protection from magic (left claw)
 i - an uncursed ring of fire
 j - an uncursed ring of protection from magic
 m - an amulet of regeneration (around neck)
 q - a ring of see invisible (right claw)
Magical devices
 o - a wand of fireball (13)
 p - a wand of slowing (28)
 D - a wand of confusion (16)
 F - a wand of paralysis (17)
Scrolls
 b - 3 scrolls of teleportation
 f - 2 scrolls of enchant weapon
 l - 2 scrolls of remove curse
 u - 2 scrolls of magic mapping
 v - 2 scrolls of fog
 x - a scroll of enchant armour
 I - a scroll of fear
 J - a scroll of recharging
 K - a scroll of brand weapon {unknown}
Potions
 g - a potion of cancellation
 k - 2 potions of haste
 t - 4 potions of curing
 w - 2 potions of lignification {unknown}
 z - a potion of invisibility {unknown}
 A - 6 potions of flight {unknown}
 B - a potion of berserk rage {unknown}
 E - a potion of brilliance {unknown}
 H - a potion of cure mutation {unknown}
 M - a potion of mutation {unknown}
Comestibles
 e - 8 bread rations
 s - 2 meat rations
 L - a beef jerky
 N - 4 chunks of flesh


   Skills:
 + Level 8.3 Fighting
 + Level 7.7 Long Blades
 - Level 1.7 Throwing
 + Level 6.9 Armour
 - Level 2.6 Dodging
 + Level 7.5 Invocations


You had 9 spell levels left.
You didn't know any spells.

Dungeon Overview and Level Annotations

Branches:
Dungeon (9/15)             Temple (0/1) D:7
   Lair: D:8-11         Orc: D:9-12

Altars:
Ashenzari
Cheibriados
Dithmenos
Kikubaaqudgha
Makhleb
Nemelex Xobeh
Okawaru
Qazlal
Trog

Shops:
D:8 %


Innate Abilities, Weirdness & Mutations

You have very sharp fingernails.
You are mostly covered in yellow scales (AC +3).
Your flesh is cold resistant.
You can steal the life force of defeated enemies.


Message History

The orc dies!
The bolt of lightning hits you!
* * * LOW HITPOINT WARNING * * *
You completely miss the orc wizard.
The hobgoblin hits you but does no damage.
You barely miss the hobgoblin.
The orc wizard zaps a wand.
You resist with almost no effort.
It is a wand of slowing.
The orc warrior zaps a wand.
Nothing appears to happen.
The hobgoblin completely misses you.
The orc wizard hits you but does no damage.
Your chain mail prevents you from hitting the hobgoblin.
The orc warrior hits you with a hand axe!
* * * LOW HITPOINT WARNING * * *
The hobgoblin hits you.
* * * LOW HITPOINT WARNING * * *
The orc wizard zaps a wand.
You resist with almost no effort.
Drink which item? (? for menu, Esc to quit)
You feel yourself speed up.
The orc warrior hits you with a hand axe!
You die...

#........# #........#
#........# #........# .#
#........# #.# #........#
#.# #.....(..# #.#
#...go...#### #.#
#...@o....... #######.#
#............ ........#
#............ ........#
#............
#######.#####............
#...../)...........
#..................
#..####............ #..#
#...........


You could see an orc warrior, an orc wizard and a hobgoblin.

Vanquished Creatures
  Erolcha (D:9)
  The ghost of DEFE the Ducker, an experienced MfIE (D:5)
  The ghost of Hanyuu the Insei, an average OpTm (D:4)
  A wyvern (D:8)
  The ghost of dirtyvader the Firebug, an average DrFE (D:3)
  A hippogriff (D:7)
  2 phantoms
  2 sky beasts
  2 ogres
  4 black bears
  3 centaurs
  An eye of draining (D:9)
  The ghost of dirtyvader the Firebug, an average DrFE (D:6)
  A big kobold (D:6)
  2 giant frogs
  2 scorpions
  2 vampire bats (D:3)
  5 crimson imps
  A centaur zombie (D:7)
  A hound (D:8)
  An orc priest (D:7)
  2 giant frog zombies
  A giant frog skeleton (D:5)
  Jessica (D:2)
  5 orc wizards
  Terence (D:2)
  2 iguanas (D:7)
  9 worker ants
  Robin (D:2)
  6 gnolls
  10 adders
  A shadow imp (D:7)
  5 oozes
  2 adder skeletons
  5 worms
  23 orcs
  30 bats
  5 giant cockroaches
  14 hobgoblins
  16 jackals
  21 kobolds
  6 quokkas
  A ball python (Sewer)
  6 giant geckos
  A giant gecko skeleton (D:4)
  3 giant newts
  17 goblins
  A quokka skeleton (D:6)
  18 rats
249 creatures vanquished.

Vanquished Creatures (others)
  2 orcs (D:9)
2 creatures vanquished.

Grand Total: 251 creatures vanquished

Notes
Turn   | Place    | Note
--------------------------------------------------------------
     0 | D:1      | Fluffy the Demonspawn Gladiator began the quest for the Orb.
     0 | D:1      | Reached XP level 1. HP: 16/16 MP: 1/1
   246 | D:1      | Reached skill level 3 in Long Blades
   250 | D:1      | Gained mutation: You are partially covered in yellow scales (AC +2). [demonic ancestry]
   250 | D:1      | Reached XP level 2. HP: 22/22 MP: 2/2
   696 | D:2      | Noticed Terence
   704 | D:2      | Noticed Jessica
   705 | D:2      | Killed Terence
   705 | D:2      | Reached skill level 1 in Armour
   705 | D:2      | Reached XP level 3. HP: 28/28 MP: 3/3
   726 | D:2      | Killed Jessica
   726 | D:2      | Gained mutation: You can steal the life force of nearby defeated enemies. [demonic ancestry]
   726 | D:2      | Reached XP level 4. HP: 19/35 MP: 4/4
   879 | D:2      | Noticed Robin
   911 | D:2      | Killed Robin
  1584 | D:3      | Found a sparkling altar of Nemelex Xobeh.
  1690 | D:3      | Found a glowing drain.
  1712 | D:3      | Gained mutation: You are mostly covered in yellow scales (AC +3). [demonic ancestry]
  1712 | D:3      | Reached XP level 5. HP: 19/41 MP: 5/5
  1754 | Sewer    | Entered a sewer
  1903 | Sewer    | Reached skill level 4 in Long Blades
  2662 | D:3      | Noticed dirtyvader's ghost (average DrFE)
  2698 | D:3      | Killed dirtyvader's ghost
  2698 | D:3      | Gained mutation: You have sharp fingernails. [demonic ancestry]
  2698 | D:3      | Reached XP level 6. HP: 38/48 MP: 6/6
  3243 | D:3      | Reached XP level 7. HP: 38/55 MP: 7/7
  3496 | D:4      | Reached skill level 5 in Fighting
  3561 | D:4      | Reached skill level 5 in Long Blades
  3634 | D:4      | Noticed Hanyuu's ghost (average OpTm)
  3646 | D:4      | Killed Hanyuu's ghost
  3652 | D:4      | Found a shattered altar of Ashenzari.
  3652 | D:4      | Found an ancient bone altar of Kikubaaqudgha.
  3699 | D:4      | Found a burning altar of Makhleb.
  3822 | D:4      | Found a stormy altar of Qazlal.
  3886 | D:4      | Became a worshipper of Makhleb the Destroyer
  4094 | D:4      | Found a snail-covered altar of Cheibriados.
  4128 | D:5      | Entered Level 5 of the Dungeon
  4150 | D:5      | Noticed DEFE's ghost (experienced MfIE)
  4151 | D:5      | Found a bloodstained altar of Trog.
  4170 | D:5      | Killed DEFE's ghost
  4170 | D:5      | Reached skill level 6 in Fighting
  4170 | D:5      | Gained mutation: You can steal the life force of defeated enemies. [demonic ancestry]
  4170 | D:5      | Reached XP level 8. HP: 40/64 MP: 7/9
  4479 | D:5      | Acquired Makhleb's first power
  4734 | D:5      | Reached skill level 5 in Armour
  5135 | D:6      | Noticed dirtyvader's ghost (average DrFE)
  5181 | D:6      | Killed dirtyvader's ghost
  5409 | D:6      | Acquired Makhleb's second power
  5514 | D:6      | Gained mutation: You have very sharp fingernails. [demonic ancestry]
  5514 | D:6      | Reached XP level 9. HP: 67/71 MP: 12/12
  5907 | D:7      | Reached skill level 5 in Invocations
  5916 | D:7      | Reached skill level 7 in Fighting
  6093 | D:7      | Acquired Makhleb's third power
  6265 | D:7      | Found a staircase to the Ecumenical Temple.
  6278 | D:7      | Found a shadowy altar of Dithmenos.
  7316 | D:8      | Found Kaethrud's Food Shop.
  7367 | D:8      | Found an iron altar of Okawaru.
  7819 | D:9      | Reached skill level 8 in Fighting
  7926 | D:9      | Noticed Erolcha
  7935 | D:9      | Killed Erolcha
  7935 | D:9      | Gained mutation: Your flesh is cold resistant. [demonic ancestry]
  7935 | D:9      | Reached XP level 10. HP: 30/80 MP: 15/15
  7944 | D:9      | Acquired Makhleb's fourth power
  8089 | D:9      | Slain by an orc warrior

Vault maps used:
D:1:      saegor_arrival_miasma, dk_noncrumbling_4
D:2:      grunt_ministairs_14, uniq_jessica, uniq_robin, uniq_terence
D:3:      nemelex_xobeh_ov_fountains_minmay, portal_sewer_entry_b,
          roderic_batcave, minmay_misc_feat_pillars
D:4:      gammafunk_temple_overflow_elements, nicolae_overflow_crystal_walls,
          cheibriados_altar_wand_db, first_bread, grunt_qazlal_clouds
D:5:      lemuel_crystal_altar
D:7:      nicolae_dithmenos_shadow_blocks, minmay_temple_entry_from_below_a
D:8:      serial_shops, nicolae_shop_trees, basic_altar
D:9:      fiery_altar_vehumet, uniq_erolcha
Sewer:    sewer_fruit_machine

Action                   |  1- 3 |  4- 6 |  7- 9 | 10-12 || total
-------------------------+-------+-------+-------+-------++-------
Melee: Long sword        |    72 |   430 |   367 |       ||   869
       Great sword       |       |       |   300 |    23 ||   323
Evoke: Wand              |       |       |    11 |       ||    11
  Use: Scroll            |       |     1 |    15 |       ||    16
       Potion            |       |       |       |     1 ||     1
  Eat: Chunk             |       |     9 |    19 |     1 ||    29
